 Dungeon Crawl Stone Soup version 0.31-a0-263-ge8cad7f256 (webtiles) character file.

Game seed: 18176034087113019334

218 porpoise the Shooter (level 5, -2/33 HPs)
             Began as a Tengu Hunter on July 14, 2023.
             Slain by a kobold brigand
             ... wielding a +0 dagger
              (3 damage)
             ... in a sewer.
             The game lasted 00:07:36 (1972 turns).

porpoise the Shooter (Tengu Hunter)                 Turns: 1972, Time: 00:07:37

Health: -2/33      AC:  4    Str: 11    XL:     5   Next: 95%
Magic:  6/6        EV: 14    Int:  4    God:
Gold:   127        SH:  0    Dex: 20    Spells: 4/4 levels left

rFire   . . .        a - +1 shortbow
rCold   + . .        (shield currently unavailable)
rNeg    . . .        k - +1 leather armour of Resilience {rC+ Regen+ Int-5}
rPois   .            (helmet restricted)
rElec   .            (no cloak)
rCorr   .            (no gloves)
SInv    .            (boots unavailable)
Will    .....        (no amulet)
Stlth   ++           (no ring)
HPRegen 1.05/turn    (no ring)
MPRegen 0.10/turn

%: no passive effects
@: flying quickly and evasively, quick
A: beak, talons 3, nimble flight
a: no special abilities


You were in a sewer.
You visited 1 branch of the dungeon, and saw 3 of its levels.
You also visited: Sewer.

You collected 137 gold pieces.
You spent 10 gold pieces at shops.

Inventory:

Hand Weapons
 a - a +1 shortbow (weapon)
Missiles
 i - 3 poisoned darts
Armour
 k - the +1 leather armour of Resilience (worn) {rC+ Regen+ Int-5}
   (You found it on level 2 of the Dungeon)

   Int:       It affects your intelligence (-5).
   rC:        It protects you from cold.
   Regen:     It increases your rate of health regeneration.
Jewellery
 c - a ring of flight
 e - an amulet of regeneration
 g - the ring of Hifid {Will+ Int-5 Dex+8 SInv}
   (You found it on level 3 of the Dungeon)

   [ring of willpower]

   Int:       It affects your intelligence (-5).
   Dex:       It affects your dexterity (+8).
   SInv:      It lets you see invisible.
   Will:      It increases your willpower.
Scrolls
 b - a scroll of butterflies
 d - 3 scrolls of identify
Potions
 f - a potion of might
 j - a potion of brilliance


   Skills:
 + Level 3.7 Fighting
 * Level 6.7 Ranged Weapons
 - Level 2.1 Dodging
 - Level 1.0 Stealth


You had 4 spell levels left.
You didn't know any spells.
Your spell library contained the following spells:

 Spells                   Type           Power      Damage    Failure   Level
 Cigotuvi's Dreadful Rot  Necr/Pois/Air  0%         N/A       75%         2
 Ignite Poison            Fire/Tmut/Pois 0%         N/A       92%         3
 Stone Arrow              Conj/Erth      0%         3d7       92%         3
 Animate Armour           Summ/Erth      0%         N/A       100%        4
 Freezing Cloud           Conj/Ice/Air   0%         6-21      100%        5
 Lehudib's Crystal Spear  Conj/Erth      0%         10d2      100%        8


Dungeon Overview and Level Annotations

Branches:
Dungeon (3/15)              Sewer (1/1)

Altars:

Shops:
D:1 !

Annotations:
D:3 2 transporters, BubbleThief's ghost, amateur OpSh


Innate Abilities, Weirdness & Mutations

You have a beak for a mouth.
You have claws for feet.
Your magical nature lets you fly swiftly and evasively.


Message History

The kobold brigand hits you with a +0 dagger.
* * * LOW HITPOINT WARNING * * *
You feel sick.
The kobold brigand throws a curare-tipped dart.
The curare-tipped dart closely misses you.
You feel sick.
You are no longer poisoned.
You are too injured to fight recklessly!
You are too injured to fight recklessly!
The kobold brigand hits you but does no damage.
The kobold brigand splashes around in the water.
You are too injured to fight recklessly!
You shoot an arrow. The arrow hits the kobold brigand.
The kobold brigand is severely wounded.
The kobold throws a stone.
The stone barely misses you. The kobold brigand misses you.
The kobold brigand hits you with a +0 short sword!
* * * LOW HITPOINT WARNING * * *
You shoot an arrow.
The arrow barely misses the kobold brigand.
The arrow hits the kobold brigand but does no damage.
The kobold brigand is moderately wounded.
The kobold brigand closely misses you.
You shoot an arrow. The arrow hits the kobold brigand.
The kobold brigand is almost dead.
The kobold brigand closely misses you.
The kobold throws a stone.
The stone hits you.
* * * LOW HITPOINT WARNING * * *
The kobold brigand closely misses you.
You shoot an arrow. The arrow hits the kobold brigand.
You kill the kobold brigand!
You hear a splash. x2
You feel yourself speed up.
The kobold throws a stone.
The stone closely misses you.
You shoot an arrow. The arrow hits the kobold brigand.
The kobold brigand is moderately wounded.
The kobold brigand hits you with a +0 dagger.
* * * LOW HITPOINT WARNING * * *
The kobold brigand hits you with a +0 dagger.
You die...

##''##~~~#
#....#~≈~#
###..K~#~≈~#
#....~~~)≈~#
##...P~~~≈)#
#...~P#K≈~# ..
#...P~~#K~~# ~...
#......#K≈~#P~P..
#...P..#@≈K~~~...
#......#~≈~~~~...
#P.....#~≈~~P...P
##.....#~≈~#~....
#~~~#~~..P
#~≈~#P~... #~≈~#
~... #~≈~# ...
#~≈~#


You could see a kobold brigand and 3 kobolds.

Vanquished Creatures
  A kobold brigand (Sewer)
  A jelly (D:1)
  An orc wizard (D:3)
  An adder (D:3)
  3 worms
  2 dart slugs (D:2)
  2 orcs (D:3)
  6 ball pythons
  5 endoplasms
  8 giant cockroaches
  3 goblins
  4 hobgoblins
  8 jackals
  6 kobolds
  3 quokkas
  2 bats
  3 frilled lizards
  8 rats
67 creatures vanquished.

Notes
Turn   | Place    | Note
-------+----------+-------------------------------------------
     0 | D:1      | porpoise the Tengu Hunter began the quest for the Orb.
     0 | D:1      | Reached XP level 1. HP: 12/12 MP: 2/2
     0 | D:1      | Noticed a jelly
     1 | D:1      | Found a runed translucent door.
   108 | D:1      | Reached XP level 2. HP: 17/17 MP: 3/3
   264 | D:1      | Found Kemiyryw's Distillery.
   346 | D:1      | Bought a potion of degeneration for 10 gold pieces
   420 | D:1      | Reached skill level 5 in Ranged Weapons
   559 | D:1      | Reached XP level 3. HP: 19/22 MP: 4/4
   665 | D:1      | Reached XP level 4. HP: 14/27 MP: 5/5
  1127 | D:2      | Identified the +1 leather armour of Resilience {rC+ Regen+
                  | Int-5}
  1562 | D:3      | Reached skill level 6 in Ranged Weapons
  1562 | D:3      | Gained mutation: Your magical nature lets you fly swiftly
                  | and evasively. [Tengu growth]
  1562 | D:3      | Reached XP level 5. HP: 32/32 MP: 6/6
  1752 | D:3      | Identified the ring of Hifid {Will+ Int-5 Dex+8 SInv}
  1809 | D:3      | Found a transporter.
  1811 | D:3      | Found a transporter.
  1811 | D:3      | Identified the +6 great mace of Epyokk {pain, Dex+2}
  1811 | D:3      | Noticed an ogre
  1811 | D:3      | Noticed BubbleThief's ghost (amateur OpSh)
  1818 | D:3      | Noticed an ogre
  1818 | D:3      | Noticed an ogre
  1885 | D:3      | Found a glowing drain.
  1904 | Sewer    | Entered a sewer
  1939 | Sewer    | Noticed a kobold brigand
  1939 | Sewer    | Noticed a kobold brigand
  1968 | Sewer    | HP: 1/32 [kobold brigand/+0 short sword (7)]
  1971 | Sewer    | Killed a kobold brigand
  1972 | Sewer    | Slain by a kobold brigand

Illustrated notes

Levels and vault maps discovered:
D:1:      dpeg_arrival_caged_fury, layout_rooms, serial_shops, shop_statue
D:2:      layout_basic
D:3:      layout_loops_ring, gammafunk_ghost_smash, cheibrodos_sewer_entry_drain
Sewer:    kennysheep_pipe_town

Skill      XL: |  1  2  3  4 |
---------------+-------------+-----
Ranged Weapons | 5 6 |  6.7
Fighting       | 3 |  3.7
Dodging        | |  2.1
Stealth        | |  1.0

Action                     |  1- 3 |  4- 6 || total
---------------------------+-------+-------++-------
   Fire: Shortbow          |    96 |   112 ||   208
    Use: Scroll            |       |     7 ||     7
 Armour: Leather armour    |    13 |     7 ||    20
  Dodge: Dodged            |    58 |    35 ||    93

Table legend: (Time is in decaauts)
 A = Elapsed time spent in this place.
 B = Non-inter-level travel time spent in this place.
 C = Inter-level travel time spent in this place.
 D = Time resting spent in this place.
 E = Time spent auto-exploring this place.
 F = Levels seen in this place.
 G = Mean time per level.
                   A        B        C        D        E       F      G
               +--------+--------+--------+--------+--------+-----+--------+
         Total |   1983 |   1907 |     76 |    155 |   1226 |   4 |  495.8 |
       Dungeon |   1910 |   1834 |     76 |    155 |   1226 |   3 |  636.7 |
         Sewer |     72 |     72 |      0 |      0 |      0 |   1 |   72.0 |
               +--------+--------+--------+--------+--------+-----+--------+

Top non-repeatable levels by time:
     D:2: 857 daAuts
     D:1: 766 daAuts
     D:3: 287 daAuts
   Sewer: 72 daAuts
